 Dungeon Crawl Stone Soup version 0.30-a0-748-ge6a52f7cba (webtiles) character file.

Game seed: 7616609400144282114

9 cforsyth the Caller (level 2, 0/15 HPs)
             Began as a Tengu Summoner on Feb 9, 2023.
             Slain by a gnoll
             ... wielding a +4 spear
              (8 damage)
             ... on level 1 of the Dungeon.
             The game lasted 00:01:44 (438 turns).

cforsyth the Caller (Tengu Summoner)                 Turns: 438, Time: 00:01:45

Health: 0/15       AC:  2    Str:  8    XL:     2   Next: 12%
Magic:  2/6        EV: 12    Int: 15    God:
Gold:   16         SH:  0    Dex: 14    Spells: 2/5 levels left

rFire   . . .      SeeInvis .    (no weapon)
rCold   . . .      Faith    .    (no shield)
rNeg    . . .      Spirit   .    a - +0 robe
rPois   .          Reflect  .    (helmet restricted)
rElec   .          Harm     .    (no cloak)
rCorr   .          Rampage  .    (no gloves)
Will    .....                    (boots unavailable)
Stlth   ++                       (no amulet)
HPRegen 0.22/turn                (no ring)
MPRegen 0.10/turn                (no ring)

@: no status effects
A: beak, talons 3
a: no special abilities


You were on level 1 of the Dungeon.
You visited 1 branch of the dungeon, and saw 1 of its levels.

You collected 16 gold pieces.

Inventory:

Armour
 a - a +0 robe (worn)
Scrolls
 c - a scroll of magic mapping {unknown}
Potions
 b - a potion of magic
 d - a potion of mutation {unknown}


   Skills:
 - Level 2.1 Dodging
 - Level 2.0 Stealth
 + Level 2.3 Spellcasting
 + Level 5.1 Summonings


You had 2 spell levels left.
You knew the following spells:

 Your Spells              Type           Power      Damage    Failure   Level
a - Summon Small Mammal   Summ           68%        N/A       2%          1
b - Call Imp              Summ           17%        N/A       4%          2

Your spell library contained the following spells:

 Spells                   Type           Power      Damage    Failure   Level
 Call Canine Familiar     Summ           17%        N/A       8%          3
 Summon Guardian Golem    Hex/Summ       9%         N/A       22%         3
 Summon Lightning Spire   Summ/Air       9%         N/A       58%         4


Dungeon Overview and Level Annotations

Branches:
Dungeon (1/15)

Altars:


Innate Abilities, Weirdness & Mutations

You have a beak for a mouth.
You have claws for feet.


Message History

There is an open door here.
You swap places.
Your bat barely misses the gnoll.
Your bat hits the gnoll but does no damage.
Your bat barely misses the gnoll.
The gnoll hits your bat with a +4 spear!
Your bat dies!
Your bat's corpse disappears in a puff of smoke!
Your bat closely misses the gnoll.
Your bat hits the gnoll but does no damage. x2
Your bat hits the gnoll but does no damage.
Casting: Summon Small Mammal (safe; 2% risk of failure)
Confirm with . or Enter, or press ? or * to list all spells.
Your shadow imp barely misses the gnoll.
The gnoll misses your bat.
Your bat closely misses the gnoll.
Your bat hits the gnoll but does no damage.
Your bat misses the gnoll.
Your bat hits the gnoll but does no damage.
Your bat hits the gnoll but does no damage.
Your bat closely misses the gnoll.
Your bat hits the gnoll but does no damage.
Press: ? - help, v - describe, . - travel
Here: a gnoll, wielding a +4 spear (lightly wounded, ally target)
The floor.
Unknown command.
Your bat barely misses the gnoll.
Your bat closely misses the gnoll.
Your shadow imp barely misses the gnoll.
Your bat closely misses the gnoll. x2; The gnoll barely misses you.
The gnoll attacks as you move away! The gnoll closely misses you.
Your bat hits the gnoll.
Your bat hits the gnoll but does no damage.
The gnoll closely misses you.
Your shadow imp hits the gnoll.
Your shadow imp disappears in a puff of smoke!
Your bat barely misses the gnoll.
Your bat hits the gnoll.
Your bat barely misses the gnoll.
The gnoll hits you from afar with a +4 spear!
Your bat barely misses the gnoll.
Your bat closely misses the gnoll.
The gnoll hits you from afar with a +4 spear!
Ouch! That really hurt!
You die...

##### ##...## #..<..#
######.....######
###...###...###...###
##.......##'##.......##
#...gb....#.#.........#
#.....b...'.'.........#
#.....@...#.#.........#
##.......##'##.......##
###...####.####...###
#####.......#####
##.............##
#.......#
##...............##
#.......#
#.................#
.......#
#........⌠........#
......#
#.......⌠>⌠.......#


You could see a gnoll (ally target) and 2 friendly bats.

Vanquished Creatures
  A bat (D:1)
1 creature vanquished.

Vanquished Creatures (collateral kills)
  A bat (D:1)
  An endoplasm (D:1)
  A giant cockroach (D:1)
  A hobgoblin (D:1)
  A quokka (D:1)
  A rat (D:1)
6 creatures vanquished.

Grand Total: 7 creatures vanquished

Notes
Turn   | Place    | Note
-------+----------+-------------------------------------------
     0 | D:1      | cforsyth the Tengu Summoner began the quest for the Orb.
     0 | D:1      | Reached XP level 1. HP: 10/10 MP: 4/4
   150 | D:1      | Reached skill level 5 in Summonings
   247 | D:1      | Reached XP level 2. HP: 15/15 MP: 1/6
   415 | D:1      | Learned a level 2 spell: Call Imp
   438 | D:1      | Slain by a gnoll

Illustrated notes

Levels and vault maps discovered:
D:1:      dpeg_arrival_three_bigger_balls, layout_basic

Skill      XL: |  1 |
---------------+----+-----
Summonings     | 5 |  5.1
Dodging        | |  2.1
Stealth        | |  2.0
Spellcasting   | |  2.3

Action                     || total
---------------------------++-------
  Melee: Unarmed           ||     3
         Kick              ||     1
   Cast: Summon Small Mamm ||    18
         Call Imp          ||     1
 Armour: Robe              ||     8
  Dodge: Dodged            ||    15

Table legend: (Time is in decaauts)
 A = Elapsed time spent in this place.
 B = Non-inter-level travel time spent in this place.
 C = Inter-level travel time spent in this place.
 D = Time resting spent in this place.
 E = Time spent auto-exploring this place.
 F = Levels seen in this place.
 G = Mean time per level.
                   A        B        C        D        E       F      G
               +--------+--------+--------+--------+--------+-----+--------+
         Total |    438 |    438 |      0 |    100 |    139 |   1 |  438.0 |
       Dungeon |    438 |    438 |      0 |    100 |    139 |   1 |  438.0 |
               +--------+--------+--------+--------+--------+-----+--------+

Top non-repeatable levels by time:
     D:1: 438 daAuts
